 Dungeon Crawl Stone Soup version 0.30.0-5-g1a98f26d00 (webtiles) character file.

Game seed: 2122568216685305314

1954602 Daunt the Crack Shot (level 26, 163/163 HPs)
             Began as a Vine Stalker Fighter on May 9, 2023.
             Was the Champion of Jiyva.
             Escaped with the Orb
             ... and 3 runes on May 10, 2023!
             The game lasted 05:29:43 (49357 turns).

Daunt the Crack Shot (Vine Stalker Fighter)        Turns: 49357, Time: 05:29:43

Health: 163/163    AC: 20    Str: 28    XL:     26   Next: 44%
Magic:  28/28      EV: 48    Int: 12    God:    Jiyva [******]
Gold:   738        SH:  0    Dex: 45    Spells: 27/31 levels left

rFire   + . .        a - +7 longbow of Foolhardiness {flame, Str+2 Int+3 SInv}
rCold   + + +        (shield currently unavailable)
rNeg    . . .        v - +1 toga "Victory" {*Victory Int+1 Slay+1 Clar}
rPois   +            y - +2 hat {Stlth+}
rElec   +            L - +2 cloak {rPois}
rCorr   +            j - +0 pair of gloves of Parsimonious Miracles {Int-4 Dex+8 Slay+5 Stlth+}
SInv    +            k - +0 pair of boots "Lano" {+Inv rF+ Stlth+}
Will    ++++.        l - amulet of Uruaring {*Corrode Will+ Regen+ Dex+5}
Stlth   +++          r - +6 ring of dexterity
HPRegen 3.67/turn    I - ring "Astongoff" {rElec rPois rC+ Int+3 Slay+4}
MPRegen 0.71/turn

%: corrode self (3%), clarity, guardian spirit
@: studying 3 skills
A: fangs 3, regeneration 1, magic shield, antimagic bite, no potion heal 2,
horns 1, talons 1, iridescent scales 2, agile 1, clarity, clever 1, cold
resistance 3, mutation resistance 1, sense surroundings 3, robust 1, screaming
1, strong 2, wild magic 1, gelatinous body 3, engulf
0: Orb of Zot
}: 3/15 runes: barnacled, slimy, gossamer
a: Renounce Religion, Evoke Invisibility, Oozemancy, Slimify


You escaped.
You worshipped Jiyva.
Jiyva was exalted by your worship.
You visited 11 branches of the dungeon, and saw 52 of its levels.
You also visited: Bailey and Ice Cave.

You collected 4811 gold pieces.
You spent 4073 gold pieces at shops.

Inventory:

Hand Weapons
 a - the +7 longbow of Foolhardiness (weapon) {flame, Str+2 Int+3 SInv}
   (You found it on level 2 of the Shoals)

   Str:       It affects your strength (+2).
   Int:       It affects your intelligence (+3).
   SInv:      It lets you see invisible.
 b - the +8 dagger "Zorphe" {freeze, rN+}
   (You found it on level 2 of the Dungeon)

   rN:        It protects you from negative energy.
 c - a +5 antimagic longbow
 d - a +8 triple crossbow of freezing
Missiles
 e - 4 curare-tipped darts
 x - a throwing net
Armour
 j - the +0 pair of gloves of Parsimonious Miracles (worn) {Int-4 Dex+8 Slay+5 Stlth+}
   (You acquired it in a bailey)

   Int:       It affects your intelligence (-4).
   Dex:       It affects your dexterity (+8).
   Slay:      It affects your accuracy & damage with ranged weapons and melee
   (+5).
   Stlth:     It makes you more stealthy.
 k - the +0 pair of boots "Lano" (worn) {+Inv rF+ Stlth+}
   (You acquired it on level 8 of the Dungeon)

   rF:        It protects you from fire.
   +Inv:      It lets you turn invisible.
   Stlth:     It makes you more stealthy.
 v - the +1 toga "Victory" (worn) {*Victory Int+1 Slay+1 Clar}
   (You found it on level 3 of the Dungeon)

   *Victory:  When the wearer kills a threatening monster, it has a chance to
   gain +1 AC, +1 Slay, and +1 Int, capping at +7.
   When the wearer uses a scroll or a potion with a hostile monster in sight,
   its bonuses reset to +0.
   Unequipping it also resets its bonuses to +0.
   Int:       It affects your intelligence (+1).
   Slay:      It affects your accuracy & damage with ranged weapons and melee
   (+1).
   Clar:      It protects you from confusion, rage, mesmerisation and fear.
 y - a +2 hat of stealth (worn)
 L - a +2 cloak of poison resistance (worn)
Jewellery
 i - the ring of Poqod {rF+ Will- Int+3 Dex+6}
   (You found it on level 4 of the Lair of Beasts)

   [ring of dexterity]

   Int:       It affects your intelligence (+3).
   Dex:       It affects your dexterity (+6).
   rF:        It protects you from fire.
   Will:      It decreases your willpower.
 l - the amulet of Uruaring (around neck) {*Corrode Will+ Regen+ Dex+5}
   (You found it on level 2 of the Lair of Beasts)

   [amulet of regeneration]

   Dex:       It affects your dexterity (+5).
   Regen:     It increases your rate of health regeneration.
   *Corrode:  It may corrode you when you take damage.
   Will:      It increases your willpower.
 r - a +6 ring of dexterity (left hand)
 I - the ring "Astongoff" (right hand) {rElec rPois rC+ Int+3 Slay+4}
   (You bought it in a shop on level 1 of the Depths)

   [ring of slaying]

   Int:       It affects your intelligence (+3).
   Slay:      It affects your accuracy & damage with ranged weapons and melee
   (+4).
   rC:        It protects you from cold.
   rElec:     It insulates you from electricity.
   rPois:     It protects you from poison.
 Y - a ring of flight
Wands
 n - a wand of quicksilver (8)
 D - a wand of digging (19)
 P - a wand of polymorph (17)
 R - a wand of mindburst (6)
 U - a wand of roots (23)
 X - a wand of charming (26)
Scrolls
 f - 7 scrolls of poison
 o - 6 scrolls of silence
 q - 6 scrolls of fear
 s - 25 scrolls of teleportation
 u - 9 scrolls of vulnerability
 F - 4 scrolls of summoning
 J - 6 scrolls of immolation
 N - 5 scrolls of enchant armour
 O - 5 scrolls of fog
 W - a scroll of blinking
Potions
 h - 6 potions of berserk rage
 t - 7 potions of cancellation
 w - 16 potions of might
 A - 2 potions of curing
 E - 8 potions of ambrosia
 G - 3 potions of haste
 H - 8 potions of resistance
 K - 6 potions of magic
 M - 5 potions of invisibility
 Q - 9 potions of attraction
 S - 8 potions of lignification
 T - 8 potions of brilliance
 V - 8 potions of mutation
 Z - 4 potions of flight
Miscellaneous
 p - a box of beasts (inert)
 z - a phantom mirror
 B - a lightning rod (4/4)
 C - a tin of tremorstones (2/2)


   Skills:
 - Level 18.9 Fighting
 - Level 10.0 Short Blades
 - Level 1.0 Maces & Flails
 - Level 26.0 Ranged Weapons
 - Level 14.9 Armour
 - Level 18.8 Dodging
 - Level 10.0 Stealth
 - Level 7.9 Shields
 - Level 3.0 Spellcasting
 + Level 5.2 Translocations
 - Level 4.0 Transmutations
 - Level 4.0 Earth Magic
 - Level 9.0 Evocations


You had 27 spell levels left.
You knew the following spells:

 Your Spells              Type           Power      Damage    Failure   Level
b - Blink                 Tloc           36%        N/A       7%          2
p - Passwall              Tmut/Erth      11%        N/A       11%         2

Your spell library contained the following spells:

 Spells                   Type           Power      Damage    Failure   Level
 Apportation              Tloc           36%        N/A       5%          1
 Lesser Beckoning         Tloc           36%        N/A       7%          2
 Beastly Appendage        Tmut           28%        N/A       8%          1
 Wereblood                Tmut           14%        N/A       11%         2
 Momentum Strike          Conj/Tloc      20%        3d8       19%         2
 Foxfire                  Conj/Fire      8%         2x1d4     32%         1
 Freeze                   Ice            8%         1d3       32%         1
 Magic Dart               Conj           8%         1d3       32%         1
 Volatile Blastmotes      Fire/Tloc      20%        2d11      34%         3
 Passage of Golubria      Tloc           18%        N/A       36%         4
 Spider Form              Tmut/Pois      8%         N/A       41%         3
 Call Imp                 Summ           4%         N/A       45%         2
 Cigotuvi's Dreadful Rot  Necr/Pois/Air  4%         N/A       45%         2
 Ensorcelled Hibernation  Hex/Ice        4%         N/A       45%         2
 Static Discharge         Conj/Air       4%         2-3/arc   45%         2
 Sublimation of Blood     Necr           2%         N/A       45%         2
 Ignite Poison            Fire/Tmut/Pois 6%         N/A       50%         3
 Dazzling Flash           Conj/Hex       4%         N/A       67%         3
 Inner Flame              Hex/Fire       2%         N/A       67%         3
 Mephitic Cloud           Conj/Pois/Air  2%         N/A       67%         3
 Ozocubu's Armour         Ice            2%         N/A       67%         3
 Summon Guardian Golem    Hex/Summ       2%         N/A       67%         3
 Swiftness                Air            2%         N/A       67%         3
 Iskenderun's Mystic Bla  Conj/Tloc      10%        2d4       71%         4
 Animate Armour           Summ/Erth      16%        N/A       78%         4
 Leda's Liquefaction      Hex/Erth       4%         N/A       78%         4
 Blade Hands              Tmut           7%         N/A       85%         5
 Lee's Rapid Deconstruct  Erth           7%         3d6*      85%         5
 Anguish                  Hex/Necr       1%         N/A       96%         4
 Cause Fear               Hex            1%         N/A       96%         4
 Flame Wave               Conj/Fire      2%         2d4       96%         4
 Fulminant Prism          Conj/Hex       1%         3d5       96%         4
 Sticky Flame             Conj/Fire      2%         2d3       96%         4
 Summon Forest            Summ/Tloc      5%         N/A       96%         5
 Alistair's Intoxication  Tmut/Pois      5%         N/A       98%         5
 Borgnjor's Vile Clutch   Necr/Erth      4%         N/A       98%         5
 Agony                    Necr           2%         N/A       100%        5
 Fireball                 Conj/Fire      1%         3d3       100%        5
 Freezing Cloud           Conj/Ice/Air   1%         6-21      100%        5
 Silence                  Hex/Air        1%         N/A       100%        5
 Eringya's Noxious Bog    Tmut/Pois      4%         N/A       100%        6
 Iron Shot                Conj/Erth      4%         9d2       100%        6
 Plasma Beam              Fire/Air       1%         2x1d12    100%        6
 Simulacrum               Ice/Necr       1%         N/A       100%        6
 Starburst                Conj/Fire      1%         6d3       100%        6
 Statue Form              Tmut/Erth      9%         N/A       100%        6
 Enfeeble                 Hex            1%         N/A       100%        7
 Orb of Destruction       Conj           1%         9d5       100%        7
 Spellforged Servitor     Conj/Summ      1%         N/A       100%        7
 Summon Hydra             Summ           1%         N/A       100%        7
 Lehudib's Crystal Spear  Conj/Erth      4%         10d3      100%        8
 Chain Lightning          Conj/Air       1%         3d1       100%        9
 Polar Vortex             Ice            1%         N/A       100%        9


Dungeon Overview and Level Annotations

Branches:
Dungeon (15/15)            Temple (1/1) D:4            Lair (5/5) D:10
 Shoals (4/4) Lair:3       Spider (4/4) Lair:2        Slime (5/5) Lair:4
    Orc (2/2) D:12            Elf (3/3) Orc:2        Vaults (4/5) D:14
  Crypt (0/3) Vaults:2     Depths (4/4) D:15            Zot (5/5) Depths:4
 Bailey (visited)           IceCv (visited)

Altars:
Ashenzari
Dithmenos
Fedhas
Gozag
Hepliaklqana
Nemelex Xobeh
Ru
Trog
Uskayaw
Wu Jian
Zin
The Shining One
Jiyva

Shops:
D:7 *   D:8 :   D:11 [   D:14 *   Orc:2 (([[   Elf:1 :[   Elf:2 (?[   Elf:3 (
Vaults:1 (   Vaults:4 [   Depths:1 [=   Depths:3 *

Portals:
Hell: Depths:1 Depths:2 Depths:3 Depths:4
Abyss: D:11 Depths:1 Depths:3
Pandemonium: Depths:1 Depths:2
Ziggurat: Depths:3
Trove: D:12 (give 7 potions of haste)

Annotations:
D:3 exclusion: oklob plant
D:8 3 runed translucent doors, Kelyas's ghost, novice DsCj
Slime:5 Royal Jelly
Vaults:4 dig
Depths:4 3 runed translucent doors, Kabe's ghost, veteran BaIE
Zot:4 2 transporters
Zot:5 36 runed doors


Innate Abilities, Weirdness & Mutations

You have razor-sharp teeth.
Your natural rate of healing is unusually fast.
When hurt, damage is shared between your health and your magic reserves.
Your bite disrupts and absorbs the magic of your enemies.
Potions cannot restore your health.
You have a pair of small horns on your head.
You have sharp toenails.
You are mostly covered in iridescent scales. (AC +4)
You are agile. (Dex +4, Str/Int -1)
You possess an exceptional clarity of mind.
Your mind is acute. (Int +4, Str/Dex -1)
Your flesh is almost immune to the effects of cold. (rC+++)
You are somewhat resistant to further mutation.
You passively map a large area around you.
You are robust. (+10% HP)
You occasionally shout uncontrollably at your foes.
Your muscles are very strong. (Str +8, Int/Dex -2)
Your spells are a little harder to cast, but a little more powerful.
Your gelatinous body deflects attacks. (AC +3, EV +3)
Your melee attacks may engulf your foes in ooze.


Message History

(N) Spider Nest (M) Slime Pits (O) Orcish Mines (E) Elven Halls (V) Vaults (C) Crypt (U) Depths (H) Hell (Z) Zot
Where to? (Enter - D:1 @ (x,y), ? - help)
You hear a distant slurping noise.
There is a stone staircase leading up here.
You climb upwards.
There is a stone staircase leading down here.
There is a stone staircase leading up here.
You climb upwards.
There is a stone staircase leading down here.
There is a stone staircase leading up here.
You climb upwards.
There is a stone staircase leading down here.
There is a stone staircase leading up here.
You climb upwards.
Level annotation: exclusion: oklob plant
There is a stone staircase leading down here.
You hear a distant slurping noise.
A shadow demon comes into view.
You shoot an arrow. The arrow hits the shadow demon!!!
The arrow burns the shadow demon!
The shadow demon is almost dead.
You shoot an arrow. The arrow hits the shadow demon!!
The arrow burns the shadow demon.
You kill the shadow demon!
(D) Dungeon (T) Temple (L) Lair (A) Shoals (N) Spider Nest (M) Slime Pits (O) Orcish Mines (E) Elven Halls (V) Vaults (C) Crypt (U) Depths (H) Hell (Z) Zot
Where to? (Enter - D:1 @ (x,y), ? - help)
You swap places.
There is a stone staircase leading up here.
You climb upwards.
There is a stone staircase leading down here.
There is a stone staircase leading up here.
You climb upwards.
There is a stone staircase leading down here.
There is a staircase leading out of the dungeon here.
You have escaped!

..#.#.................#####.##
#.#.#..############..........#
#.#....#### #######..........#
..#.......# #................#
....#..##.###.###..########.##
#.........................#.#
..#...)..P#~#P.....P#~#P..#.#
..#####.P##~##P...P##~##P.#.# .##
#..~~~~~..@..~~~~~..#.# +####
#.P##~##P...P##~##P.#.# ....#
#..P#~#P.....P#~#P..#.#
....###...................#)#####
....##..####......#########......
######.#####......# #......
..........##......# #......
#####...#.##......# #......
#.#.#..+......# #......


There were no monsters in sight!

Vanquished Creatures
  A pandemonium lord (Zot:2)
  A dread lich (Zot:5)
  Mara (Shoals:3)
  4 orbs of fire
  An ancient lich (Zot:5)
  The ghost of dolemite99 the Warrior, a veteran DrFE of Okawaru (Vaults:1)
  Vv (Depths:2)
  Sojobo (Depths:2)
  Bai Suzhen (Shoals:3)
  Margery (Depths:1)
  8 Killer Klowns
  Saint Roka (Vaults:2)
  2 curse toes
  7 golden dragons
  A caustic shrike (Depths:2)
  2 doom hounds (Depths:2)
  the Enchantress (Depths:3)
  2 electric golems (Zot:5)
  A Brimstone Fiend (Zot:1)
  A Tzitzimitl (Depths:2)
  Zenata (Elf:1)
  12 tentacled monstrosities
  27 Orb Guardians
  Grunn (Depths:2)
  A Hell Sentinel (D:11)
  A walking earthen tome (Depths:2)
  5 quicksilver dragons
  Mlioglotl (Spider:3)
  A deep elf blademaster (Elf:2)
  3 deep elf master archers (Elf:3)
  A kraken (Shoals:1)
  A walking frostbound tome (Depths:2)
  8 sphinxes
  Polyphemus (Shoals:3)
  7 death cobs
  Gastronok (D:11)
  5 tengu reavers
  Frances (Spider:1)
  4 shadow dragons
  Kirke (Spider:1)
  6 draconian monks
  Roxanne (Shoals:1)
  12 storm dragons
  7 frost giants
  7 draconian knights
  Ilsuiw (Shoals:3)
  5 deep elf sorcerers (Elf:3)
  2 revenants (Vaults:1)
  15 vault wardens
  4 fire giants
  Louise (Shoals:1)
  A balrug (Depths:3)
  5 ghost moths
  6 draconian scorchers
  Aizul (Shoals:2)
  4 deep elf elementalists
  5 draconian shifters
  3 reapers
  An emperor scorpion (Spider:4)
  2 draconian stormcallers (Zot:4)
  5 orc warlords
  6 draconian annihilators
  A war gargoyle (Vaults:4)
  3 broodmothers
  A demonspawn corrupter (Zot:2)
  10 stone giants
  A juggernaut skeleton (Depths:1)
  8 very ugly things
  6 ironbound thunderhulks
  14 ironbound preservers
  7 green draconians
  6 vampire knights
  The ghost of Opnastoc the Severer, a journeyman MiBe of Trog (D:14)
  6 black draconians
  6 spriggan defenders (Depths:2)
  A demonspawn black sun (D:10)
  8 deep elf annihilators
  7 purple draconians
  12 red draconians
  11 yellow draconians
  A lorocyproca (D:10)
  A minotaur (Shoals:1)
  16 dire elephants
  9 deep elf demonologists
  7 white draconians
  7 spark wasps
  The ghost of Juicyj the Cleaver, a journeyman MiFi of Qazlal (D:11)
  Snorg (D:11)
  The ghost of Hubbles the Zephyrmancer, a journeyman DgAE (Lair:4)
  5 deep elf death magi (Elf:3)
  A crystal guardian (Vaults:4)
  8 merfolk javelineers
  Josephine (Shoals:1)
  An eidolon (Vaults:1)
  7 merfolk impalers
  The ghost of Haxyobbu the Fighter, a journeyman MiFi of Okawaru (Lair:2)
  5 deep elf high priests (Elf:3)
  4 mummy priests (D:14)
  4 rakshasas
  11 entropy weavers
  8 fire dragons
  A jiangshi (Vaults:2)
  13 ettins
  5 hydras
  3 peacekeepers
  The ghost of Zoobame the Devastator, a journeyman DEHW of Sif Muna (Lair:2)
  2 merfolk avatars (Shoals:4)
  An ogre mage (D:15)
  9 spriggan air magi
  13 yaktaur captains
  9 ironbound frosthearts
  A jorogumo (Spider:4)
  10 vault guards
  13 centaur warriors
  Erica (D:9)
  An alligator snapping turtle (Shoals:1)
  A death knight (D:15)
  3 radroaches
  11 boulder beetles
  5 ice dragons
  32 dancing weapons
  3 merfolk aquamancers (Shoals:4)
  6 tengu warriors
  4 deep troll shamans
  7 two-headed ogres
  3 catoblepae
  4 satyrs
  A hell hog (D:11)
  7 deep troll earth magi
  8 death yaks
  5 orc high priests
  2 vampire magi
  4 sun demons
  11 hell knights
  4 spriggan berserkers
  Sonja (Lair:1)
  24 deep elf knights
  8 spriggans
  A fire crab (Lair:5)
  2 skysharks
  5 iron trolls
  2 sun moths
  2 sixfirhies
  A shadow wraith (Vaults:1)
  A fire crab (shapeshifter) (Depths:4)
  6 skeletal warriors (D:15)
  6 pharaoh ants
  Lodul (D:14)
  44 deep trolls
  8 orb spiders
  8 sea snakes
  A shadow demon (D:3)
  5 flayed ghosts
  12 lindwurms
  15 deep elf archers
  5 steelbarb worms
  7 wizards
  10 ironbound convokers
  11 harpies
  3 phantasmal warriors
  Pikel (D:7)
  6 necromancers
  34 deep elf zephyrmancers
  2 oklob plants (Lair:4)
  12 orc sorcerers
  9 orc knights
  A cyclops (shapeshifter) (Depths:2)
  30 deep elf pyromancers
  29 ugly things
  23 moths of wrath
  17 wolf spiders
  15 manticores
  17 fauns
  2 rust devils
  9 cyclopes
  9 vault sentinels
  17 merfolk sirens
  A toenail golem (D:11)
  6 water nymphs
  4 black mambas
  4 elephants
  6 demonic crawlers
  12 torpor snails
  4 gargoyles
  An ice statue (IceCv)
  3 cane toads
  3 molten gargoyles (Lair:5)
  2 unseen horrors
  An orange demon (Zot:2)
  4 rime drakes
  10 komodo dragons
  A spriggan skeleton (Depths:1)
  A tormentor (Zot:2)
  3 freezing wraiths
  6 kobold demonologists
  32 yaktaurs
  An anaconda simulacrum (IceCv)
  16 merfolk
  5 tengu conjurers
  3 ice devils
  A hellwing (D:7)
  2 guardian mummies (D:14)
  4 meliai (Shoals:1)
  8 trolls
  11 tarantellas
  7 wind drakes
  10 hornets
  A polar bear (Lair:2)
  11 snapping turtles
  23 blink frogs
  34 jumping spiders
  A frost giant simulacrum (Depths:1)
  5 air elementals
  23 dream sheep
  17 culicivoras
  35 yaks
  A culicivora (shapeshifter) (D:13)
  6 wyverns
  10 water elementals
  9 wraiths
  2 shadows (D:12)
  4 hogs (Spider:1)
  2 fire elementals
  18 humans (D:14)
  2 steam dragons (Lair:5)
  5 basilisks
  69 redbacks
  2 death yak simulacra (IceCv)
  Menkaure (D:6)
  9 wargs
  2 acid dragons
  8 vampire mosquitoes
  A harpy simulacrum (IceCv)
  7 water moccasins
  Duvessa (D:6)
  4 hell hounds (Lair:5)
  An ice beast (D:6)
  A sky beast (D:8)
  A black bear (Lair:2)
  61 orc warriors
  4 boggarts (Vaults:3)
  14 ogres
  9 centaurs
  A small abomination (D:11)
  3 lemures
  4 kobold brigands
  11 bullfrogs
  2 gnoll sergeants
  3 two-headed ogre simulacra (IceCv)
  A scorpion (D:7)
  An earth elemental (Elf:2)
  9 wights
  10 killer bees
  5 howler monkeys
  4 elephant simulacra (IceCv)
  12 electric eels
  5 lava snakes (Lair:5)
  18 orc priests
  2 sleepcaps
  Crazy Yiuf (D:5)
  2 hounds (D:6)
  An iguana (D:7)
  29 orc wizards
  2 polar bear simulacra (IceCv)
  5 spriggan simulacra (IceCv)
  5 troll simulacra (IceCv)
  4 wolf simulacra (IceCv)
  2 mummies (D:14)
  Robin (D:3)
  3 adders
  16 gnolls
  4 naga simulacra (IceCv)
  5 white imps (IceCv)
  7 ufetubi
  A worm (D:2)
  A dart slug (D:1)
  104 orcs
  9 bats
  3 endoplasms (D:1)
  9 giant cockroaches
  17 goblins
  13 hobgoblins
  4 jackals
  3 quokkas
  6 ball pythons
  3 frilled lizards (D:1)
  14 kobolds
  5 rats
  A lurking horror (D:11)
  4 tentacles (Shoals:1)
2008 creatures vanquished.

Vanquished Creatures (collateral kills)
  2 Tzitzimimeh (Depths:2)
  Asterion (Elf:1)
  A fire giant (Depths:2)
  A reaper (Depths:2)
  A purple draconian (Zot:5)
  A spark wasp (Spider:4)
  A rakshasa (D:11)
  A soul eater (D:11)
  A skeletal warrior (D:11)
  A hornet (Spider:4)
  A tarantella (Spider:4)
  A redback (Lair:2)
  3 killer bees (D:8)
  An orc wizard (D:8)
17 creatures vanquished.

Vanquished Creatures (others)
  A draconian knight (Zot:5)
  A red draconian (Zot:3)
  8 great orbs of eyes
  A peacekeeper (Vaults:2)
  An ironbound frostheart (Vaults:2)
  2 glowing orange brains
  A deep troll (Vaults:1)
  2 wizards
  An ironbound convoker (Vaults:4)
  A deep elf pyromancer (D:6)
  A lindwurm (shapeshifter) (Depths:1)
  3 vault sentinels
  An eye of devastation (shapeshifter) (Elf:3)
  A yaktaur (Vaults:1)
  A meliai (shapeshifter) (D:8)
  51 slime creatures
  A yak (Lair:5)
  A redback (Spider:3)
  A warg (Vaults:2)
  A floating eye (shapeshifter) (D:15)
  2 orc warriors (Vaults:2)
  A boggart (shapeshifter) (D:8)
  A centaur (D:5)
  A phantom (D:5)
  2 bullfrogs
  A wight (D:8)
  Dowan (D:6)
  A killer bee (shapeshifter) (D:8)
  8 killer bees
  A howler monkey (D:7)
  3 hounds
  2 orc priests
  153 jellies
  2 orc wizards (Orc:1)
  4 gnolls (D:3)
  2 adders
  An ufetubus (IceCv)
  An endoplasm (D:3)
  11 orcs
  A giant cockroach (D:3)
  3 goblins
  A hobgoblin (D:3)
  4 jackals
  A quokka (D:2)
  4 bats (D:14)
  A frilled lizard (D:3)
  2 kobolds (D:7)
  A rat (D:3)
  6 tentacles (Shoals:1)
303 creatures vanquished.

Grand Total: 2328 creatures vanquished

Notes
Turn   | Place    | Note
-------+----------+-------------------------------------------
     0 | D:1      | Daunt the Vine Stalker Fighter began the quest for the Orb.
     0 | D:1      | Reached XP level 1. HP: 11/11 MP: 2/2
   109 | D:1      | Reached XP level 2. HP: 12/16 MP: 1/3
   428 | D:1      | Reached XP level 3. HP: 19/19 MP: 4/4
   799 | D:2      | Found a faded altar of an unknown god.
   802 | D:2      | Prayed at the altar of an unknown god.
   802 | D:2      | Became a worshipper of Jiyva Joewk the Shapeless
   802 | D:2      | Reached * piety under Jiyva
  1007 | D:2      | Reached skill level 1 in Maces & Flails
  1022 | D:2      | Identified the +8 dagger "Zorphe" {freeze, rN+}
  1147 | D:2      | Reached ** piety under Jiyva
  1403 | D:3      | Gained mutation: Your natural rate of healing is unusually
                  | fast. [Vine Stalker growth]
  1403 | D:3      | Reached XP level 4. HP: 24/24 MP: 5/5
  1422 | D:3      | Found the +0 toga "Victory" {*Victory Clar}
  1559 | D:3      | Reached skill level 1 in Stealth
  1592 | D:3      | Noticed Robin
  1600 | D:3      | Killed Robin
  1712 | D:3      | Found a blossoming altar of Fedhas.
  1725 | D:3      | Noticed an oklob plant
  2308 | D:4      | Reached XP level 5. HP: 28/28 MP: 6/6
  2336 | D:4      | You fall into a shaft and drop 1 floor!
  2336 | D:5      | Entered Level 5 of the Dungeon
  2444 | D:4      | Found a staircase to the Ecumenical Temple.
  2456 | D:4      | Reached *** piety under Jiyva
  2487 | D:4      | Gained mutation: You have a small jelly attached to you
                  | that may absorb projectiles. [Jiyva's grace]
  2487 | D:4      | Gained mutation: Armour fits poorly on your pseudopods.
                  | [Jiyva's grace]
  2487 | D:4      | Gained mutation: Armour fits poorly on your large
                  | pseudopods. [Jiyva's grace]
  2487 | D:4      | Gained mutation: Armour fits poorly on your massive
                  | pseudopods. [Jiyva's grace]
  2574 | D:4      | Identified the +3 whip of Guilt {spect, rElec Str-5 Int+5
                  | Dex+2}
  2603 | D:4      | Reached XP level 6. HP: 32/32 MP: 7/7
  2757 | D:4      | Found a glowing silver altar of Zin.
  2942 | D:4      | Found an opulent altar of Gozag.
  3064 | D:5      | Reached **** piety under Jiyva
  3066 | D:5      | Found a glowing golden altar of the Shining One.
  3167 | D:5      | Noticed a black bear
  3184 | D:5      | Slimified a black bear
  3184 | D:5      | a black bear changed into a jelly
  3238 | D:5      | Found a runed translucent door.
  3239 | D:5      | Noticed Crazy Yiuf
  3818 | D:5      | Killed Crazy Yiuf
  3869 | D:6      | Reached skill level 5 in Short Blades
  3869 | D:6      | Reached XP level 7. HP: 36/36 MP: 8/8
  3905 | D:6      | Killed a deep elf pyromancer
  4021 | D:6      | Found a shadowy altar of Dithmenos.
  4094 | D:6      | Noticed Menkaure
  4100 | D:6      | Killed Menkaure
  4168 | D:6      | Killed Dowan
  4175 | D:6      | Noticed Duvessa
  4180 | D:6      | Killed Duvessa
  4470 | Temple   | Entered the Ecumenical Temple
  4585 | D:7      | Gained mutation: You have razor-sharp teeth. [Vine Stalker
                  | growth]
  4585 | D:7      | Reached XP level 8. HP: 40/40 MP: 9/9
  4604 | D:7      | Noticed Pikel
  4622 | D:7      | Killed Pikel
  4727 | D:7      | Found a bloodstained altar of Trog.
  4776 | D:7      | Reached XP level 9. HP: 44/44 MP: 10/10
  4801 | D:7      | Gained mutation: You have a pair of small horns on your
                  | head. [Jiyva's grace]
  4801 | D:7      | Gained mutation: You have a pair of horns on your head.
                  | [Jiyva's grace]
  4801 | D:7      | Gained mutation: You have a pair of large horns on your
                  | head. [Jiyva's grace]
  4801 | D:7      | Gained mutation: Your spells are a little harder to cast,
                  | but a little more powerful. [Jiyva's grace]
  4822 | D:7      | Found Cuckali's Assorted Antiques.
  4829 | D:7      | Bought a scroll labelled HIT LEATSIURGH for 26 gold pieces
  4829 | D:7      | Bought a scroll labelled OLA QIFFODGHIL for 26 gold pieces
  4830 | D:7      | Bought a lumpy amethyst potion for 23 gold pieces
  4830 | D:7      | Bought a pair of glowing gloves for 195 gold pieces
  5072 | D:7      | Reached ***** piety under Jiyva
  5156 | D:7      | Found a hazy altar of Hepliaklqana.
  5193 | D:8      | Killed a meliai
  5200 | D:8      | Reached skill level 10 in Short Blades
  5220 | D:8      | Reached skill level 1 in Dodging
  5272 | D:8      | Reached skill level 5 in Fighting
  5350 | D:8      | Found a runed translucent gate.
  5350 | D:8      | Found a runed translucent gate.
  5350 | D:8      | Found a runed translucent gate.
  5407 | D:8      | Noticed a green ugly thing
  5408 | D:8      | Noticed a red ugly thing
  5410 | D:8      | Noticed a green ugly thing
  5411 | D:8      | Noticed a green ugly thing
  5416 | D:8      | Found a flagged portal.
  5425 | Bailey   | Entered a bailey
  5536 | Bailey   | Noticed a kobold demonologist
  5543 | Bailey   | Killed a kobold demonologist
  5544 | Bailey   | Reached XP level 10. HP: 53/53 MP: 11/11
  5594 | Bailey   | Acquired the +0 pair of gloves of Parsimonious Miracles
                  | {Int-4 Dex+8 Slay+5 Stlth+}
  5643 | Bailey   | Found an iron altar of Okawaru.
  5643 | Bailey   | Noticed a kobold demonologist
  5649 | Bailey   | Killed a kobold demonologist
  5684 | Bailey   | Identified the +6 spear "Boebleob" {drain, Fragile rElec
                  | rF+ Stlth+}
  6085 | D:8      | Gained mutation: You have a small jelly attached to you
                  | that senses nearby items. [Jiyva's grace]
  6085 | D:8      | Gained mutation: You are robust. (+10% HP) [Jiyva's grace]
  6085 | D:8      | Gained mutation: You are very robust. (+20% HP) [Jiyva's
                  | grace]
  6085 | D:8      | Gained mutation: You are extremely robust. (+30% HP)
                  | [Jiyva's grace]
  6306 | D:8      | Found Qed Tuid's Book Shoppe.
  7165 | D:9      | Noticed Erica
  7184 | D:9      | Killed Erica
  7185 | D:9      | Reached skill level 5 in Dodging
  7293 | D:9      | Reached ****** piety under Jiyva
  7380 | D:9      | Reached XP level 11. HP: 78/80 MP: 12/12
  7875 | D:10     | Entered Level 10 of the Dungeon
  7888 | D:10     | Reached skill level 10 in Fighting
  8026 | D:10     | Noticed a two-headed ogre
  8033 | D:10     | Killed a two-headed ogre
  8247 | D:10     | Lost mutation: You have a pair of large horns on your head.
                  | [Jiyva's grace]
  8247 | D:10     | Lost mutation: You have a pair of horns on your head.
                  | [Jiyva's grace]
  8247 | D:10     | Lost mutation: You have a small jelly attached to you that
                  | senses nearby items. [Jiyva's grace]
  8247 | D:10     | Lost mutation: You have a small jelly attached to you that
                  | may absorb projectiles. [Jiyva's grace]
  8247 | D:10     | Gained mutation: You are strong-willed. (Will+) [Jiyva's
                  | grace]
  8247 | D:10     | Gained mutation: You are highly strong-willed. (Will++)
                  | [Jiyva's grace]
  8247 | D:10     | Gained mutation: You are extremely strong-willed. (Will+++)
                  | [Jiyva's grace]
  8247 | D:10     | Gained mutation: You are covered in slimy tendrils that may
                  | disarm your opponents. [Jiyva's grace]
  8302 | D:10     | Found a broken altar of Ashenzari.
  8330 | D:10     | Found a staircase to the Lair.
  8561 | D:11     | Noticed Snorg
  8569 | D:11     | Killed Snorg
  8605 | D:11     | Noticed a cyclops
  8608 | D:11     | Killed a cyclops
  8732 | D:11     | Found Alie's Antique Armour Emporium.
  8744 | D:11     | Noticed a cyclops
  8750 | D:11     | Killed a cyclops
  8861 | D:11     | Noticed a soul eater
  8864 | D:11     | Noticed a hell hog
  8890 | D:11     | Found a transporter.
  8891 | D:11     | Found a transporter.
  8892 | D:11     | Noticed a boulder beetle
  8905 | D:11     | Killed a boulder beetle
  8911 | D:11     | Found a one-way gate to the infinite horrors of the Abyss.
  8958 | D:11     | Noticed Gastronok
  8968 | D:11     | Killed Gastronok
  9035 | D:11     | Noticed Juicyj's ghost (journeyman MiFi)
  9086 | D:11     | Noticed a cyclops
  9108 | D:11     | Killed a cyclops
  9109 | D:11     | Reached XP level 12. HP: 92/92 MP: 13/13
  9122 | D:11     | Noticed a rakshasa
  9317 | D:11     | Noticed a boulder beetle
  9325 | D:11     | Killed a boulder beetle
  9440 | D:12     | Found a portal to a secret trove of treasure.
  9522 | D:12     | Noticed an eight-headed hydra
  9526 | D:12     | Noticed a centaur warrior
  9526 | D:12     | Noticed a two-headed ogre
  9527 | D:12     | Noticed a boulder beetle
  9527 | D:12     | Killed an eight-headed hydra
  9536 | D:12     | Killed a centaur warrior
  9541 | D:12     | Killed a two-headed ogre
  9547 | D:12     | Killed a boulder beetle
  9823 | D:12     | Noticed a boulder beetle
  9834 | D:12     | Killed a boulder beetle
  9991 | D:12     | Found a staircase to the Orcish Mines.
 10066 | D:12     | Reached skill level 5 in Shields
 10149 | D:12     | Identified the +4 spear of Extinguishment {flame, Str+2}
 10341 | D:13     | Identified the +2 ring mail of Woeb Ok Poyp {Int+2}
 10625 | D:13     | Lost mutation: You are extremely strong-willed. (Will+++)
                  | [Jiyva's grace]
 10625 | D:13     | Lost mutation: You are highly strong-willed. (Will++)
                  | [Jiyva's grace]
 10625 | D:13     | Lost mutation: You are strong-willed. (Will+) [Jiyva's
                  | grace]
 10625 | D:13     | Lost mutation: You are extremely robust. (+30% HP) [Jiyva's
                  | grace]
 10625 | D:13     | Lost mutation: Your spells are a little harder to cast, but
                  | a little more powerful. [Jiyva's grace]
 10625 | D:13     | Lost mutation: You are covered in slimy tendrils that may
                  | disarm your opponents. [Jiyva's grace]
 10625 | D:13     | Gained mutation: You have a small jelly attached to you
                  | that senses nearby items. [Jiyva's grace]
 10625 | D:13     | Gained mutation: You have sharp toenails. [Jiyva's grace]
 10625 | D:13     | Gained mutation: You have razor-sharp toenails. [Jiyva's
                  | grace]
 10625 | D:13     | Gained mutation: You have claws for feet. [Jiyva's grace]
 10711 | D:13     | Noticed a centaur warrior
 10715 | D:13     | Killed a centaur warrior
 10716 | D:13     | Reached XP level 13. HP: 83/92 MP: 14/14
 11644 | D:10     | Reached skill level 1 in Evocations
 11664 | Lair:1   | Entered Level 1 of the Lair of Beasts
 11713 | Lair:1   | Noticed Sonja
 11720 | Lair:1   | Killed Sonja
 11899 | Lair:1   | Lost mutation: Armour fits poorly on your massive
                  | pseudopods. [Jiyva's grace]
 11899 | Lair:1   | Lost mutation: Armour fits poorly on your large pseudopods.
                  | [Jiyva's grace]
 11899 | Lair:1   | Lost mutation: You have a small jelly attached to you that
                  | senses nearby items. [Jiyva's grace]
 11899 | Lair:1   | Gained mutation: You are partially covered in iridescent
                  | scales. (AC +2) [Jiyva's grace]
 11899 | Lair:1   | Gained mutation: You are mostly covered in iridescent
                  | scales. (AC +4) [Jiyva's grace]
 11899 | Lair:1   | Gained mutation: You are completely covered in iridescent
                  | scales. (AC +6) [Jiyva's grace]
 11899 | Lair:1   | Gained mutation: Your system is resistant to poisons.
                  | (rPois) [Jiyva's grace]
 11903 | Lair:1   | Identified the +7 shortbow of the Brain {elec, rElec rF+
                  | MP+9}
 12469 | Lair:2   | Reached skill level 5 in Evocations
 12701 | Lair:2   | Found a hole to the Spider Nest.
 12808 | Lair:2   | Found a runed translucent gate.
 12808 | Lair:2   | Found a runed translucent gate.
 12808 | Lair:2   | Found a runed translucent gate.
 12849 | Lair:2   | Noticed Zoobame's ghost (journeyman DEHW)
 12849 | Lair:2   | Noticed Haxyobbu's ghost (journeyman MiFi)
 13394 | Lair:2   | Killed Zoobame's ghost
 13429 | Lair:2   | Killed Haxyobbu's ghost
 13438 | Lair:2   | Identified the amulet of Uruaring {*Corrode Will+ Regen+
                  | Dex+5}
 13640 | Lair:3   | Reached skill level 5 in Armour
 13668 | Lair:3   | Lost mutation: You have a pair of small horns on your head.
                  | [Jiyva's grace]
 13668 | Lair:3   | Lost mutation: You have claws for feet. [Jiyva's grace]
 13668 | Lair:3   | Lost mutation: You have razor-sharp toenails. [Jiyva's
                  | grace]
 13668 | Lair:3   | Lost mutation: You are completely covered in iridescent
                  | scales. (AC +6) [Jiyva's grace]
 13668 | Lair:3   | Gained mutation: Your rubbery body absorbs attacks. (AC +1,
                  | EV +1) [Jiyva's grace]
 13668 | Lair:3   | Gained mutation: Your pliable body absorbs attacks. (AC +2,
                  | EV +2) [Jiyva's grace]
 13668 | Lair:3   | Gained mutation: Your gelatinous body deflects attacks. (AC
                  | +3, EV +3) [Jiyva's grace]
 13668 | Lair:3   | Gained mutation: You have razor-sharp toenails. [Jiyva's
                  | grace]
 14123 | Lair:3   | Found a staircase to the Shoals.
 14389 | Lair:4   | Found a frozen archway.
 14426 | IceCv    | Entered an ice cave
 14512 | IceCv    | Identified the +0 flail "Page Ena" {protect, +Blink rElec
                  | Dex+3}
 14567 | IceCv    | Noticed a reaper
 14577 | IceCv    | Got the Handbook of the Blizzard
 14599 | IceCv    | Killed a reaper
 14664 | IceCv    | Reached skill level 1 in Ranged Weapons
 14736 | IceCv    | Reached skill level 2 in Ranged Weapons
 14806 | IceCv    | Reached XP level 14. HP: 100/100 MP: 15/15
 14953 | Lair:4   | Found the +1 robe of Vines {NoPotionHeal Regen++++}
 14998 | Lair:4   | Reached skill level 3 in Ranged Weapons
 15035 | Lair:4   | Reached skill level 4 in Ranged Weapons
 15066 | Lair:4   | Found a viscous altar of Jiyva.
 15073 | Lair:4   | Found a staircase to the Slime Pits.
 15087 | Slime:1  | Entered Level 1 of the Pits of Slime
 15088 | Slime:1  | Noticed an acid blob
 15095 | Slime:2  | Noticed an azure jelly
 15095 | Slime:2  | Noticed a rockslime
 15095 | Slime:2  | Noticed an acid blob
 15125 | Slime:5  | Entered Level 5 of the Pits of Slime
 15125 | Slime:5  | Noticed a quicksilver ooze
 15125 | Slime:5  | Noticed an azure jelly
 15125 | Slime:5  | Noticed an acid blob
 15136 | Slime:5  | Noticed an acid blob
 15144 | Slime:5  | Found a viscous altar of Jiyva.
 15145 | Slime:5  | Noticed an acid blob
 15146 | Slime:5  | Noticed the Royal Jelly
 15146 | Slime:5  | Noticed an acid blob
 15146 | Slime:5  | Noticed an acid blob
 15147 | Slime:5  | Noticed an azure jelly
 15147 | Slime:5  | Noticed an acid blob
 15147 | Slime:5  | Noticed an acid blob
 15147 | Slime:5  | Noticed an acid blob
 15148 | Slime:5  | Noticed a quicksilver ooze
 15148 | Slime:5  | Noticed a quicksilver ooze
 15151 | Slime:5  | Got a slimy rune of Zot
 15158 | Slime:5  | Identified the +0 chain mail of Fedhas's Scorn {Dex+4}
 15160 | Slime:5  | Identified the +3 whip of Dishonour {flame, Dex+4}
 15161 | Slime:5  | Identified the +1 chain mail of Broken Taboos {rF- Will++
                  | Dex+9}
 15165 | Slime:5  | Noticed an acid blob
 15174 | Slime:5  | Identified the staff of earth "Rygeedoni" {Fly Str+3}
 15177 | Slime:5  | Got Kucaby's Almanac of Malevolent Spells and the Iceberg
 15178 | Slime:5  | Identified the +0 ring mail of the Known World {Rampage
                  | Drain Int+3 SInv}
 15193 | Slime:5  | Noticed a rockslime
 15199 | Slime:5  | Noticed an acid blob
 15225 | Slime:5  | Noticed a rockslime
 15408 | Lair:4   | Reached skill level 5 in Ranged Weapons
 15513 | Lair:4   | Identified the ring of Poqod {rF+ Will- Int+3 Dex+6}
 15554 | Lair:4   | Lost mutation: You are mostly covered in iridescent scales.
                  | (AC +4) [Jiyva's grace]
 15554 | Lair:4   | Lost mutation: You are very robust. (+20% HP) [Jiyva's
                  | grace]
 15554 | Lair:4   | Lost mutation: Your gelatinous body deflects attacks. (AC
                  | +3, EV +3) [Jiyva's grace]
 15554 | Lair:4   | Gained mutation: You are agile. (Dex +4, Str/Int -1)
                  | [Jiyva's grace]
 15554 | Lair:4   | Gained mutation: You are very agile. (Dex +8, Str/Int -2)
                  | [Jiyva's grace]
 15554 | Lair:4   | Gained mutation: You possess an exceptional clarity of
                  | mind. [Jiyva's grace]
 15554 | Lair:4   | Gained mutation: Your movements are slightly less
                  | encumbered by armour. (ER -2) [Jiyva's grace]
 15575 | Lair:4   | Reached skill level 6 in Ranged Weapons
 15764 | Lair:4   | Found a runed translucent door.
 16098 | Lair:4   | Noticed Hubbles's ghost (journeyman DgAE)
 16116 | Lair:4   | Killed Hubbles's ghost
 16658 | Lair:5   | Entered Level 5 of the Lair of Beasts
 16677 | Lair:4   | Reached skill level 7 in Ranged Weapons
 16771 | Lair:5   | Reached skill level 8 in Ranged Weapons
 16908 | Lair:5   | Reached skill level 9 in Ranged Weapons
 17035 | Lair:5   | Found a large runed translucent door.
 17041 | Lair:5   | Found a large runed translucent door.
 17055 | Lair:5   | Reached skill level 10 in Ranged Weapons
 17313 | Lair:5   | Reached XP level 15. HP: 96/96 MP: 16/16
 18103 | D:14     | Noticed Lodul
 18115 | D:14     | Killed Lodul
 18116 | D:14     | Reached skill level 11 in Ranged Weapons
 18553 | D:14     | Lost mutation: You have razor-sharp toenails. [Jiyva's
                  | grace]
 18553 | D:14     | Gained mutation: You are mostly covered in iridescent
                  | scales. (AC +4) [Jiyva's grace]
 18553 | D:14     | Gained mutation: You are completely covered in iridescent
                  | scales. (AC +6) [Jiyva's grace]
 18553 | D:14     | Gained mutation: You have a pair of small antennae on your
                  | head. [Jiyva's grace]
 18553 | D:14     | Gained mutation: You have a pair of antennae on your head.
                  | [Jiyva's grace]
 18570 | D:14     | Noticed Opnastoc's ghost (journeyman MiBe)
 18574 | D:14     | Found a runed translucent door.
 18683 | D:14     | Reached skill level 12 in Ranged Weapons
 18739 | D:14     | Found a gate to the Vaults.
 18771 | D:14     | Identified the +0 leather armour of the Bedazzled God
                  | {+Inv}
 19054 | D:14     | Found Gesiuv Xuos's Blood Bar.
 19272 | D:15     | Entered Level 15 of the Dungeon
 19285 | D:15     | Reached skill level 13 in Ranged Weapons
 19629 | D:15     | Reached skill level 14 in Ranged Weapons
 19968 | D:15     | Found a staircase to the Depths.
 20259 | Orc:1    | Entered Level 1 of the Orcish Mines
 20262 | Orc:1    | Reached XP level 16. HP: 102/102 MP: 17/17
 20376 | Orc:1    | Reached skill level 15 in Ranged Weapons
 20486 | Orc:1    | Identified the +8 mace of the Conjuring Ass {freeze, *Noise
                  | rN+ MP+9}
 20575 | Orc:1    | Identified the +8 shortbow of Integrity {heavy, rC- Int+4
                  | Dex+2}
 20618 | Orc:1    | Identified the +0 scale mail of the Shining Light {rCorr
                  | Str+5 Dex-5}
 20780 | Orc:1    | Lost mutation: You have sharp toenails. [Jiyva's grace]
 20780 | Orc:1    | Lost mutation: You are very agile. (Dex +8, Str/Int -2)
                  | [Jiyva's grace]
 20780 | Orc:1    | Lost mutation: You are agile. (Dex +4, Str/Int -1) [Jiyva's
                  | grace]
 20780 | Orc:1    | Lost mutation: Your system is resistant to poisons. (rPois)
                  | [Jiyva's grace]
 20780 | Orc:1    | Lost mutation: Your pliable body absorbs attacks. (AC +2,
                  | EV +2) [Jiyva's grace]
 20780 | Orc:1    | Lost mutation: Your movements are slightly less encumbered
                  | by armour. (ER -2) [Jiyva's grace]
 20780 | Orc:1    | Gained mutation: Armour fits poorly on your large
                  | pseudopods. [Jiyva's grace]
 20780 | Orc:1    | Gained mutation: Armour fits poorly on your massive
                  | pseudopods. [Jiyva's grace]
 20780 | Orc:1    | Gained mutation: Your spells are a little harder to cast,
                  | but a little more powerful. [Jiyva's grace]
 20780 | Orc:1    | Gained mutation: Your spells are harder to cast, but more
                  | powerful. [Jiyva's grace]
 20819 | Orc:2    | Entered Level 2 of the Orcish Mines
 20987 | Orc:2    | Found a staircase to the Elven Halls.
 21082 | Orc:2    | Found Jywkosot's Antique Weapon Boutique.
 21089 | Orc:2    | Found Viuxiniph's Antique Armour Shop.
 21171 | Orc:2    | Found a bloodstained altar of Trog.
 21222 | Orc:2    | Found Nydeklil's Antique Armour Shop.
 21268 | Orc:2    | Found Hyotok's Antique Weapon Boutique.
 21337 | Orc:2    | Reached skill level 16 in Ranged Weapons
 22414 | Spider:1 | Entered Level 1 of the Spider Nest
 22639 | Spider:1 | Noticed Kirke
 22647 | Spider:1 | Killed Kirke
 22652 | Spider:1 | Noticed Frances
 22673 | Spider:1 | Killed Frances
 22733 | Spider:1 | You fall into a shaft and drop 1 floor!
 22869 | Spider:1 | Identified the +8 scale mail of Rotten Joy {SInv}
 23255 | Spider:2 | Lost mutation: You are completely covered in iridescent
                  | scales. (AC +6) [Jiyva's grace]
 23255 | Spider:2 | Lost mutation: Your spells are harder to cast, but more
                  | powerful. [Jiyva's grace]
 23255 | Spider:2 | Lost mutation: Your rubbery body absorbs attacks. (AC +1,
                  | EV +1) [Jiyva's grace]
 23255 | Spider:2 | Gained mutation: You are very robust. (+20% HP) [Jiyva's
                  | grace]
 23255 | Spider:2 | Gained mutation: You are extremely robust. (+30% HP)
                  | [Jiyva's grace]
 23255 | Spider:2 | Gained mutation: Your muscles are strong. (Str +4, Int/Dex
                  | -1) [Jiyva's grace]
 23255 | Spider:2 | Gained mutation: Your muscles are very strong. (Str +8,
                  | Int/Dex -2) [Jiyva's grace]
 23501 | Spider:2 | Reached XP level 17. HP: 126/126 MP: 18/18
 23532 | Spider:2 | HP: 4/126 [something (7)]
 24253 | Spider:3 | Noticed Mlioglotl
 24261 | Spider:3 | Killed Mlioglotl
 24993 | Spider:4 | Entered Level 4 of the Spider Nest
 25756 | Spider:4 | Reached skill level 17 in Ranged Weapons
 25804 | Spider:4 | Reached XP level 18. HP: 84/132 MP: 15/19
 25848 | Spider:4 | Identified the +0 hat "Idut" {Harm Rampage Str+5 Dex-4}
 25860 | Spider:4 | Got a gossamer rune of Zot
 26308 | D:11     | Killed Juicyj's ghost
 26487 | D:14     | Killed Opnastoc's ghost
 26488 | D:14     | Reached skill level 10 in Dodging
 26636 | D:8      | Found a runed translucent gate.
 26636 | D:8      | Found a runed translucent gate.
 26646 | D:8      | Found a runed translucent gate.
 26646 | D:8      | Noticed Kelyas's ghost (novice DsCj)
 26683 | D:8      | Acquired the +0 pair of boots "Lano" {+Inv rF+ Stlth+}
 27028 | Shoals:1 | Entered Level 1 of the Shoals
 27028 | Shoals:1 | Noticed Roxanne
 27028 | Shoals:1 | Noticed Josephine
 27055 | Shoals:1 | Killed Josephine
 27064 | Shoals:1 | Killed Roxanne
 27090 | Shoals:1 | Noticed Louise
 27108 | Shoals:1 | Killed Louise
 27139 | Shoals:1 | Found a hide-covered altar of Uskayaw.
 27151 | Shoals:1 | Lost mutation: You are mostly covered in iridescent scales.
                  | (AC +4) [Jiyva's grace]
 27151 | Shoals:1 | Lost mutation: Your muscles are very strong. (Str +8,
                  | Int/Dex -2) [Jiyva's grace]
 27151 | Shoals:1 | Lost mutation: Armour fits poorly on your massive
                  | pseudopods. [Jiyva's grace]
 27151 | Shoals:1 | Gained mutation: Armour fits poorly on your massive
                  | pseudopods. [Jiyva's grace]
 27151 | Shoals:1 | Gained mutation: You have a pair of large antennae on your
                  | head. (SInv) [Jiyva's grace]
 27151 | Shoals:1 | Gained mutation: Your system is resistant to poisons.
                  | (rPois) [Jiyva's grace]
 27151 | Shoals:1 | Gained mutation: Your translucent skin slightly reduces
                  | your foes' accuracy. (Stealth+) [Jiyva's grace]
 27517 | Shoals:1 | Reached skill level 15 in Fighting
 27964 | Shoals:2 | Identified the +7 longbow of Foolhardiness {flame, Str+2
                  | Int+3 SInv}
 27996 | Shoals:2 | Noticed Aizul
 28004 | Shoals:2 | Killed Aizul
 28155 | Shoals:2 | Reached skill level 18 in Ranged Weapons
 28504 | Shoals:3 | Noticed Polyphemus
 28507 | Shoals:3 | Killed Polyphemus
 28515 | Shoals:3 | Noticed Ilsuiw
 28524 | Shoals:3 | Killed Ilsuiw
 28701 | Shoals:3 | Lost mutation: You have a pair of large antennae on your
                  | head. (SInv) [Jiyva's grace]
 28701 | Shoals:3 | Lost mutation: You have a pair of antennae on your head.
                  | [Jiyva's grace]
 28701 | Shoals:3 | Lost mutation: You have a pair of small antennae on your
                  | head. [Jiyva's grace]
 28701 | Shoals:3 | Lost mutation: Armour fits poorly on your massive
                  | pseudopods. [Jiyva's grace]
 28701 | Shoals:3 | Gained mutation: You passively dampen the noise of your
                  | surroundings. [Jiyva's grace]
 28701 | Shoals:3 | Gained mutation: You expend magic power (3 MP) to
                  | strengthen your wands. [Jiyva's grace]
 28701 | Shoals:3 | Gained mutation: Your mind is acute. (Int +4, Str/Dex -1)
                  | [Jiyva's grace]
 28701 | Shoals:3 | Gained mutation: Your mind is very acute. (Int +8, Str/Dex
                  | -2) [Jiyva's grace]
 28701 | Shoals:3 | Noticed Mara
 28729 | Shoals:3 | Noticed Mara
 28740 | Shoals:3 | Killed Mara
 28741 | Shoals:3 | Reached XP level 19. HP: 140/140 MP: 20/20
 28963 | Shoals:4 | Entered Level 4 of the Shoals
 28985 | Shoals:3 | Noticed Bai Suzhen
 29002 | Shoals:3 | Killed Bai Suzhen
 29182 | Shoals:4 | Identified the staff of death "Disupn" {Fly rC++ rN+ Int+2
                  | Dex-5}
 29285 | Shoals:4 | Identified the amulet "Antaabb" {Regen+ SInv}
 29363 | Shoals:4 | Got a barnacled rune of Zot
 29396 | Shoals:4 | Reached skill level 10 in Armour
 29466 | Shoals:4 | Reached skill level 19 in Ranged Weapons
 30182 | Vaults:1 | Entered Level 1 of the Vaults
 30314 | Vaults:1 | Found Goyl's Weapon Boutique.
 30751 | Vaults:1 | Found a runed translucent gate.
 30751 | Vaults:1 | Found a runed translucent gate.
 30751 | Vaults:1 | Found a runed translucent gate.
 30753 | Vaults:1 | Noticed dolemite99's ghost (veteran DrFE)
 30824 | Vaults:1 | Lost mutation: Your mind is very acute. (Int +8, Str/Dex
                  | -2) [Jiyva's grace]
 30824 | Vaults:1 | Lost mutation: You are extremely robust. (+30% HP) [Jiyva's
                  | grace]
 30824 | Vaults:1 | Lost mutation: You passively dampen the noise of your
                  | surroundings. [Jiyva's grace]
 30824 | Vaults:1 | Gained mutation: Your flesh is cold resistant. (rC+)
                  | [Jiyva's grace]
 30824 | Vaults:1 | Gained mutation: Your flesh is very cold resistant. (rC++)
                  | [Jiyva's grace]
 30824 | Vaults:1 | Gained mutation: Your flesh is almost immune to the effects
                  | of cold. (rC+++) [Jiyva's grace]
 30824 | Vaults:1 | Gained mutation: Armour fits poorly on your massive
                  | pseudopods. [Jiyva's grace]
 31281 | Vaults:1 | Killed dolemite99's ghost
 31359 | Vaults:2 | Reached XP level 20. HP: 136/136 MP: 21/21
 31384 | Vaults:2 | Reached skill level 5 in Stealth
 31767 | Vaults:2 | Noticed Saint Roka
 31775 | Vaults:2 | Killed Saint Roka
 32127 | Vaults:2 | Found a staircase to the Crypt.
 32188 | Vaults:2 | Found a crumbling gateway.
 32445 | Vaults:3 | Lost mutation: Your system is resistant to poisons. (rPois)
                  | [Jiyva's grace]
 32445 | Vaults:3 | Lost mutation: You are very robust. (+20% HP) [Jiyva's
                  | grace]
 32445 | Vaults:3 | Lost mutation: Your spells are a little harder to cast, but
                  | a little more powerful. [Jiyva's grace]
 32445 | Vaults:3 | Lost mutation: Your translucent skin slightly reduces your
                  | foes' accuracy. (Stealth+) [Jiyva's grace]
 32445 | Vaults:3 | Gained mutation: Your muscles are very strong. (Str +8,
                  | Int/Dex -2) [Jiyva's grace]
 32445 | Vaults:3 | Gained mutation: You are covered in slimy tendrils that may
                  | disarm your opponents. [Jiyva's grace]
 32445 | Vaults:3 | Gained mutation: You have a small jelly attached to you
                  | that may absorb projectiles. [Jiyva's grace]
 32445 | Vaults:3 | Gained mutation: You have sharp toenails. [Jiyva's grace]
 33177 | Vaults:3 | Reached XP level 21. HP: 131/132 MP: 22/22
 33804 | Vaults:4 | Found Sunent's Antique Armour Shop.
 34108 | Vaults:4 | Lost mutation: Your muscles are very strong. (Str +8,
                  | Int/Dex -2) [Jiyva's grace]
 34108 | Vaults:4 | Lost mutation: You have a small jelly attached to you that
                  | may absorb projectiles. [Jiyva's grace]
 34108 | Vaults:4 | Gained mutation: You are somewhat resistant to further
                  | mutation. [Jiyva's grace]
 34108 | Vaults:4 | Gained mutation: You are somewhat resistant to both further
                  | mutation and mutation removal. [Jiyva's grace]
 34108 | Vaults:4 | Gained mutation: You are almost entirely resistant to
                  | further mutation and mutation removal. [Jiyva's grace]
 34108 | Vaults:4 | Gained mutation: You have a pair of small horns on your
                  | head. [Jiyva's grace]
 34531 | Depths:1 | Entered Level 1 of the Depths
 34541 | Depths:1 | Noticed Margery
 35142 | Depths:1 | Killed Margery
 35174 | Depths:1 | Found a gateway to Hell.
 35355 | Depths:1 | Found a one-way gate leading to the halls of Pandemonium.
 35398 | Depths:1 | Found Womei's Antique Armour Boutique.
 35408 | Depths:1 | Found Toane's Jewellery Shop.
 35413 | Depths:1 | Bought the ring "Astongoff" {rElec rPois rC+ Int+3 Slay+4}
                  | for 2238 gold pieces
 35431 | Depths:1 | Noticed a golden dragon
 35434 | Depths:1 | Noticed a golden dragon
 36261 | Depths:2 | Learned a level 2 spell: Passwall
 36314 | Depths:2 | Reached skill level 1 in Earth Magic
 36316 | Depths:2 | Reached skill level 1 in Spellcasting
 36316 | Depths:2 | Reached skill level 1 in Transmutations
 36318 | Depths:2 | Noticed Grunn
 36326 | Depths:2 | Killed Grunn
 36509 | Depths:2 | Reached XP level 22. HP: 130/137 MP: 26/26
 36555 | Depths:2 | Lost mutation: Your flesh is almost immune to the effects
                  | of cold. (rC+++) [Jiyva's grace]
 36555 | Depths:2 | Lost mutation: You are almost entirely resistant to further
                  | mutation and mutation removal. [Jiyva's grace]
 36555 | Depths:2 | Lost mutation: You are covered in slimy tendrils that may
                  | disarm your opponents. [Jiyva's grace]
 36555 | Depths:2 | Gained mutation: You have razor-sharp toenails. [Jiyva's
                  | grace]
 36555 | Depths:2 | Gained mutation: You have claws for feet. [Jiyva's grace]
 36555 | Depths:2 | Gained mutation: You have a small jelly attached to you
                  | that senses nearby items. [Jiyva's grace]
 36555 | Depths:2 | Gained mutation: Your melee attacks may engulf your foes in
                  | ooze. [Jiyva's grace]
 36630 | Depths:2 | Noticed Sojobo
 36638 | Depths:2 | Killed Sojobo
 36697 | Depths:2 | Noticed Vv
 36766 | Depths:2 | Killed Vv
 37009 | Depths:2 | Noticed a caustic shrike
 37014 | Depths:2 | Killed a caustic shrike
 37089 | Depths:2 | Noticed a golden dragon
 37098 | Depths:2 | Noticed a golden dragon
 37104 | Depths:2 | Killed a golden dragon
 37111 | Depths:2 | Killed a golden dragon
 37552 | Depths:3 | Noticed the Enchantress
 37787 | Depths:3 | Reached skill level 20 in Ranged Weapons
 37982 | Depths:3 | Killed the Enchantress
 38076 | Depths:3 | Noticed a golden dragon
 38085 | Depths:3 | Killed a golden dragon
 38176 | Depths:3 | Learned a level 2 spell: Blink
 38180 | Depths:3 | Found a one-way gateway to a ziggurat.
 38263 | Depths:3 | Reached skill level 1 in Translocations
 38264 | Depths:3 | Found Big Baal Hell's Store.
 38290 | Depths:3 | Found a glowing silver altar of Zin.
 38510 | Depths:4 | Entered Level 4 of the Depths
 38564 | Depths:4 | Identified the staff of poison "Umupob" {rElec rPois rF+
                  | rN+}
 38584 | Depths:4 | Reached XP level 23. HP: 146/146 MP: 27/27
 38824 | Depths:4 | Found a runed translucent gate.
 38824 | Depths:4 | Found a runed translucent gate.
 38824 | Depths:4 | Found a runed translucent gate.
 38824 | Depths:4 | Noticed Kabe's ghost (veteran BaIE)
 38865 | Depths:4 | Found an ornate altar of the Wu Jian Council.
 39037 | Depths:4 | Lost mutation: You have claws for feet. [Jiyva's grace]
 39037 | Depths:4 | Lost mutation: Your flesh is very cold resistant. (rC++)
                  | [Jiyva's grace]
 39037 | Depths:4 | Lost mutation: Armour fits poorly on your massive
                  | pseudopods. [Jiyva's grace]
 39037 | Depths:4 | Lost mutation: You have a small jelly attached to you that
                  | senses nearby items. [Jiyva's grace]
 39037 | Depths:4 | Gained mutation: You have a small jelly attached to you
                  | that may absorb projectiles. [Jiyva's grace]
 39037 | Depths:4 | Gained mutation: You are mostly covered in iridescent
                  | scales. (AC +4) [Jiyva's grace]
 39037 | Depths:4 | Gained mutation: You are completely covered in iridescent
                  | scales. (AC +6) [Jiyva's grace]
 39037 | Depths:4 | Gained mutation: You are agile. (Dex +4, Str/Int -1)
                  | [Jiyva's grace]
 39192 | Depths:4 | Found a gate to the Realm of Zot.
 39551 | Elf:1    | Entered Level 1 of the Elven Halls
 39626 | Elf:1    | Reached skill level 15 in Dodging
 39671 | Elf:1    | Noticed Asterion
 39684 | Elf:1    | Killed Asterion
 39710 | Elf:1    | Found Raomoh's Antique Armour Emporium.
 39718 | Elf:1    | Bought a pair of ancient gloves for 285 gold pieces
 39718 | Elf:1    | Identified the +0 pair of gloves of the Slug {Int+2 Dex+2}
                  | (You bought it in a shop on level 1 of the Elven Halls)
 39737 | Elf:1    | Found Atuesmad's Self-Improvement Boutique.
 39747 | Elf:1    | Noticed Zenata
 39787 | Elf:1    | Killed Zenata
 40236 | Elf:1    | Got the Vellum of Forces
 40601 | Elf:2    | Found Nulefeana's Magic Scroll Emporium.
 40717 | Elf:2    | Reached skill level 10 in Stealth
 40879 | Elf:2    | Found Fyolype's Armour Shop.
 40888 | Elf:2    | Identified the orb "Guaciam" {*channel, +Inv rN+++ Will-
                  | Dex-4}
 40965 | Elf:2    | Found Matub's Weapon Shoppe.
 41059 | Elf:2    | Found a huge runed translucent gate.
 41059 | Elf:2    | Found a huge runed translucent gate.
 41059 | Elf:2    | Found a huge runed translucent gate.
 41059 | Elf:2    | Found a huge runed translucent gate.
 41059 | Elf:2    | Found a huge runed translucent gate.
 41466 | Elf:3    | Entered Level 3 of the Elven Halls
 41466 | Elf:3    | Lost mutation: You are completely covered in iridescent
                  | scales. (AC +6) [Jiyva's grace]
 41466 | Elf:3    | Lost mutation: You are somewhat resistant to both further
                  | mutation and mutation removal. [Jiyva's grace]
 41466 | Elf:3    | Lost mutation: Armour fits poorly on your large pseudopods.
                  | [Jiyva's grace]
 41466 | Elf:3    | Lost mutation: You have a small jelly attached to you that
                  | may absorb projectiles. [Jiyva's grace]
 41466 | Elf:3    | Gained mutation: You have a small jelly attached to you
                  | that may absorb projectiles. [Jiyva's grace]
 41466 | Elf:3    | Gained mutation: You passively map a small area around you.
                  | [Jiyva's grace]
 41466 | Elf:3    | Gained mutation: You passively map the area around you.
                  | [Jiyva's grace]
 41466 | Elf:3    | Gained mutation: You passively map a large area around you.
                  | [Jiyva's grace]
 41551 | Elf:3    | Found Losiuxup's Antique Weapon Shoppe.
 41716 | Elf:3    | Reached XP level 24. HP: 152/152 MP: 28/28
 41948 | Elf:3    | Paralysed by an air elemental for 1 turns
 42176 | Elf:3    | Reached skill level 21 in Ranged Weapons
 42206 | Elf:3    | Identified the staff of air "Qoitav" {rElec rC- Int+4}
 42262 | Elf:3    | Identified the ring of Gamates {Fire rPois Will++}
 42322 | Elf:3    | Identified the +9 long sword of Innocence {antimagic,
                  | +Blink rPois rN+ Int-3}
 42326 | Elf:3    | Identified the staff of conjuration "Gufuidi" {rC- rN+
                  | Stlth+}
 42343 | Elf:3    | Identified the +1 flail of the Six Souls {protect, rElec
                  | rCorr Dex-5 Stlth-}
 42344 | Elf:3    | Identified the +1 scale mail of Lojal {rC+}
 42822 | Zot:1    | Entered Level 1 of the Realm of Zot
 43169 | Elf:1    | Bought a manual of Dodging for 1280 gold pieces
 43558 | Zot:1    | Identified the +0 kite shield "Ucrani Koula" {rElec}
 43809 | Depths:1 | Identified the ring "Hetuuh" {rN+ Int+2}
 45229 | Zot:2    | Noticed a curse toe
 45235 | Zot:2    | Killed a curse toe
 45465 | Zot:2    | Lost mutation: You have razor-sharp toenails. [Jiyva's
                  | grace]
 45465 | Zot:2    | Lost mutation: Armour fits poorly on your pseudopods.
                  | [Jiyva's grace]
 45465 | Zot:2    | Lost mutation: You have a small jelly attached to you that
                  | may absorb projectiles. [Jiyva's grace]
 45465 | Zot:2    | Gained mutation: Your flesh is very cold resistant. (rC++)
                  | [Jiyva's grace]
 45465 | Zot:2    | Gained mutation: Your flesh is almost immune to the effects
                  | of cold. (rC+++) [Jiyva's grace]
 45465 | Zot:2    | Gained mutation: Your spells are a little harder to cast,
                  | but a little more powerful. [Jiyva's grace]
 45465 | Zot:2    | Gained mutation: Your spells are harder to cast, but more
                  | powerful. [Jiyva's grace]
 46061 | Zot:3    | Noticed an orb of fire
 46071 | Zot:3    | Killed an orb of fire
 46224 | Zot:3    | Reached XP level 25. HP: 151/158 MP: 9/28
 46613 | Zot:4    | Noticed a Killer Klown
 46631 | Zot:3    | Killed a Killer Klown
 46790 | Zot:4    | Found a transporter.
 46790 | Zot:4    | Found a transporter.
 46799 | Zot:4    | Reached skill level 22 in Ranged Weapons
 47029 | Zot:4    | Lost mutation: Your spells are harder to cast, but more
                  | powerful. [Jiyva's grace]
 47029 | Zot:4    | Lost mutation: You expend magic power (3 MP) to strengthen
                  | your wands. [Jiyva's grace]
 47029 | Zot:4    | Gained mutation: Your muscles are very strong. (Str +8,
                  | Int/Dex -2) [Jiyva's grace]
 47029 | Zot:4    | Gained mutation: Your rubbery body absorbs attacks. (AC +1,
                  | EV +1) [Jiyva's grace]
 47029 | Zot:4    | Gained mutation: Your pliable body absorbs attacks. (AC +2,
                  | EV +2) [Jiyva's grace]
 47029 | Zot:4    | Gained mutation: Your gelatinous body deflects attacks. (AC
                  | +3, EV +3) [Jiyva's grace]
 47141 | Zot:4    | Found a transporter.
 47143 | Zot:4    | Found a transporter.
 47265 | Zot:5    | Entered Level 5 of the Realm of Zot
 47292 | Zot:5    | Reached skill level 23 in Ranged Weapons
 47324 | Zot:5    | Found a huge runed gate.
 47324 | Zot:5    | Found a huge runed gate.
 47324 | Zot:5    | Found a huge runed gate.
 47326 | Zot:5    | Found a huge runed gate.
 47326 | Zot:5    | Found a huge runed gate.
 47327 | Zot:5    | Found a huge runed gate.
 47327 | Zot:5    | Found a huge runed gate.
 47327 | Zot:5    | Found a huge runed gate.
 47329 | Zot:5    | Found a huge runed gate.
 47329 | Zot:5    | Found a huge runed gate.
 47329 | Zot:5    | Found a huge runed gate.
 47329 | Zot:5    | Found a huge runed gate.
 47329 | Zot:5    | Found a huge runed gate.
 47330 | Zot:5    | Found a huge runed gate.
 47331 | Zot:5    | Found a huge runed gate.
 47332 | Zot:5    | Found a huge runed gate.
 47333 | Zot:5    | Found a huge runed gate.
 47346 | Zot:5    | Found a huge runed gate.
 47346 | Zot:5    | Found a huge runed gate.
 47346 | Zot:5    | Found a huge runed gate.
 47346 | Zot:5    | Found a huge runed gate.
 47346 | Zot:5    | Found a huge runed gate.
 47346 | Zot:5    | Found a huge runed gate.
 47346 | Zot:5    | Found a huge runed gate.
 47347 | Zot:5    | Found a huge runed gate.
 47348 | Zot:5    | Found a huge runed gate.
 47407 | Zot:5    | Found a huge runed gate.
 47408 | Zot:5    | Found a huge runed gate.
 47416 | Zot:5    | Found a huge runed gate.
 47416 | Zot:5    | Found a huge runed gate.
 47416 | Zot:5    | Found a huge runed gate.
 47416 | Zot:5    | Found a huge runed gate.
 47416 | Zot:5    | Found a huge runed gate.
 47416 | Zot:5    | Found a huge runed gate.
 47416 | Zot:5    | Found a huge runed gate.
 47417 | Zot:5    | Found a huge runed gate.
 47507 | Zot:5    | Noticed a dread lich
 47512 | Zot:5    | Killed a dread lich
 47720 | Zot:5    | Reached skill level 24 in Ranged Weapons
 47730 | Zot:5    | Noticed a Killer Klown
 47748 | Zot:5    | Killed a Killer Klown
 47759 | Zot:5    | Noticed an orb of fire
 47759 | Zot:5    | Noticed a Killer Klown
 47770 | Zot:5    | Killed an orb of fire
 47771 | Zot:5    | Noticed a Killer Klown
 47776 | Zot:5    | Killed a Killer Klown
 47803 | Zot:5    | Killed a Killer Klown
 47837 | Zot:5    | Noticed an orb of fire
 47838 | Zot:5    | Gained mutation: You occasionally shout uncontrollably at
                  | your foes. [an orb of fire]
 47845 | Zot:5    | Killed an orb of fire
 47906 | Zot:5    | Noticed an ancient lich
 47920 | Zot:5    | Noticed a Killer Klown
 47922 | Zot:5    | Killed an ancient lich
 47932 | Zot:5    | Noticed a Killer Klown
 47945 | Zot:5    | Killed a Killer Klown
 47954 | Zot:5    | Killed a Killer Klown
 48079 | Zot:5    | Noticed a Killer Klown
 48082 | Zot:5    | Killed a Killer Klown
 48085 | Zot:5    | Noticed a Killer Klown
 48092 | Zot:5    | Reached skill level 25 in Ranged Weapons
 48092 | Zot:5    | Reached XP level 26. HP: 163/163 MP: 28/28
 48109 | Zot:5    | Killed a Killer Klown
 48181 | Zot:5    | Noticed an orb of fire
 48247 | Zot:5    | Killed an orb of fire
 48664 | Zot:5    | Got the Orb of Zot
 48787 | Zot:2    | Noticed Bonollar the pandemonium lord
 48793 | Zot:2    | Killed Bonollar the pandemonium lord
 49037 | D:15     | Reached skill level 26 in Ranged Weapons
 49162 | D:10     | Reached skill level 5 in Translocations
 49357 | D:$      | Escaped with the Orb!

Illustrated notes

Levels and vault maps discovered:
D:1:      eino_arrival_water_cross, layout_basic, dk_noncrumbling_3
D:2:      minmay_roachtagon, layout_basic,
          shapermc_ecumenical_altar_mp_vishouse, patterned_corridor
D:3:      kennysheep_goblin_castle, layout_basic, tgw_fedhas
D:4:      layout_loops_cross, pdpol_temple_overflow_zin_treasury_gozag_greed,
          minmay_temple_entry_ruins
D:5:      layout_loops_ring, mainiacjoe_overflow_cross_hatched,
          serial_bayou_pond_a, kennysheep_generic_room_4,
          uniq_crazy_yiuf_cottage
D:6:      layout_basic, grunt_dithmenos_smoke, grunt_ministairs_4,
          minmay_hedge_maze, guppyfry_early_elven_hall, uniq_duvessa,
          uniq_menkaure
D:7:      layout_gridville, kennysheep_mini, nzn_hepliaklqana_mist_gate,
          serial_shops, shop, kennysheep_small_square, uniq_pikel
D:8:      layout_layer_cave, enter_bailey_2,
          ploomutoo_gammafunk_ghost_potion_laboratory, serial_shops, shop,
          kennysheep_flooded_box, minivault_4, minmay_between
D:9:      layout_irregular_city, serial_bayou_lake_a, uniq_erica
D:10:     layout_stronghold, ashenzari_conservatory_becter, david_lair_shrubbed,
          amethyst_killhole, minmay_misc_feat_diagonals
D:11:     layout_basic, serial_shops, nicolae_shop_waterfront,
          gammafunk_ghost_abyssal_escape, uniq_gastronok, uniq_snorg
D:12:     hangedman_arrow_trap, layout_loops_ring, minmay_orc_entry_guard_dogs,
          trove_entry_hex_spiral
D:13:     layout_stronghold
D:14:     ragdoll_tomb_raider, layout_cave_pools, grunt_vaults_entry_tiered,
          hellmonk_ghost_happy_afterlife, grunt_decor_cap,
          reono_crystal_passage, guppyfry_shop_blood, uniq_lodul
D:15:     gammafunk_enter_depths_forms, layout_gridville, hangedman_decor_push,
          grunt_decor_mini_mirrors
Temple:   nicolae_temple_superstar
Lair:1:   layout_regular_city, grunt_megastairs_5, uniq_sonja
Lair:2:   layout_cave_pods, spider_nest_entry_web_field,
          gammafunk_ghost_cemetery
Lair:3:   layout_long_grid, elwin_shoals_entry_rooms
Lair:4:   nzn_winding_woodlands_large [nzn_winding_woodlands_hourglass,
          nzn_winding_woodlands_5x15_twine, nzn_winding_woodlands_5x5_perimeter,
          nzn_winding_woodlands_center_lodge,
          nzn_winding_woodlands_15x15_eel_pit,
          nzn_winding_woodlands_center_triple_pond,
          nzn_winding_woodlands_5x5_open_star,
          nzn_winding_woodlands_5x15_sawtooth, nzn_winding_woodlands_5x5_cross],
          layout_hall_layers, nicolae_slime_entry_field_trip,
          portal_ice_cave_demonic_guard, ebering_ghost_reflecting_pool,
          hellmonk_guarded_unrand_vines
Lair:5:   cheibrodos_lair_end_hotspot, layout_regular_city,
          infiniplex_staircase_pool
Shoals:1: layout_shoals, regret_index_shoals_crete, uniq_roxanne,
          uniq_josephine, uniq_louise
Shoals:2: layout_shoals, uniq_aizul
Shoals:3: layout_shoals, uniq_bai_suzhen, uniq_ilsuiw, uniq_polyphemus,
          uniq_mara
Shoals:4: shoals_end_hangedman, layout_shoals, shoal_ilsuiw
Spider:1: layout_spider_delve, uniq_kirke, uniq_frances
Spider:2: layout_spider_delve
Spider:3: layout_spider_delve, uniq_mlioglotl
Spider:4: spider_rune_water, drop_trap, hellmonk_test_site
Slime:1:  layout_caves
Slime:2:  layout_caves, uniq_dissolution
Slime:3:  layout_caves, nicolae_slime_barrier
Slime:4:  layout_caves
Slime:5
Orc:1:    layout_caves, minmay_orc_treasury
Orc:2:    grunt_orc_community_town_hall, layout_diamond_mine,
          grunt_orc_community_big_house_2, grunt_orc_community_big_house_1,
          grunt_orc_community_house_3, grunt_orc_community_house_1,
          grunt_orc_community_house_1, grunt_orc_community_house_1,
          hangedman_feature_mirror
Elf:1:    nicolae_elf_arrival_no_cutting_in_line, layout_geoelf_diagonals,
          serial_shops, shop, minmay_elf_annihilation, nicolae_shop_self_help,
          grunt_megastairs_4, uniq_asterion, uniq_zenata
Elf:2:    elven_hall_of_blades_hangedman_alternative
          [nicolae_blade_entry_area_security], layout_gridlike, serial_shops,
          nicolae_shop_hallway_stairs, nicolae_shop_waterfront,
          nicolae_diamond_shop, nicolae_elf_blasts_and_bolts
Elf:3:    minmay_elf_hall_not_hex, layout_geoelf_grid, minmay_shop_star
Vaults:1: gammafunk_ghost_spectres, ontoclasm_vaults_bender,
          nicolae_vaults_tetromino_Z_1, nicolae_vaults_network_barrier,
          hangedman_vaults_hat, nicolae_vaults_heart-shaped_vault,
          hangedman_vaults_stitches, nicolae_vaults_apartment_1,
          nicolae_vaults_trapezoid_lopsided_3, vaults_mumra_lcd,
          nicolae_vaults_mitosis, grunt_vaults_funnel,
          vaults_dpeg_emergency_exit, grunt_vaults_hallway_long,
          nicolae_vaults_double_plus_1, layout_vaults_omnibox, serial_shops,
          nicolae_shop_tiny_waterfront
Vaults:2: portal_desolation_entry_twin_temple, v_misc_10,
          vaults_room_semicircle, nicolae_vaults_tetromino_Z_2,
          nicolae_vaults_minivaults, minmay_crypt_entry_simple_round,
          vaults_standard_mumra_x, nicolae_vaults_tetromino_Z_1,
          vaults_room_door_ring, nicolae_vaults_closet_pinwheel_4,
          layout_vaults_big_room, uniq_saint_roka
Vaults:3: vaults_dpeg_encased_lava, ontoclasm_vaults_ligature,
          nicolae_vaults_display_case, ontoclasm_vaults_twist,
          hangedman_vaults_cutoff, nicolae_vaults_closet_pinwheel_1,
          grunt_vaults_diagonal, nicolae_vaults_cornered_office,
          nicolae_vaults_tetromino_Z_1, vaults_dpeg_diagonal,
          nicolae_vaults_sealed_display, nicolae_vaults_more_shelving_1,
          layout_vaults_maze_snakey, serial_glass
Vaults:4: st_hourglassy, nicolae_vaults_heist, v_misc_13,
          nicolae_vaults_wrenched, v_misc_1, grunt_vaults_hallway_long,
          nicolae_vaults_what_the_h, ontoclasm_vaults_ring_square,
          nicolae_vaults_trapezoid_4, nicolae_vaults_rhombus_6,
          vaults_room_mumra_shop_pool, nicolae_vaults_theta, vaults_dpeg_hooks,
          vaults_room_hallway, layout_vaults_ring
Depths:1: layout_gridlike, grunt_metal_band, grunt_pan_entry_sceptre,
          abyss_entry, minivault_12, minmay_shoptagon
Depths:2: kennysheep_snake, layout_basic, pan_entry, hell_entry,
          nicolae_eternal_life, minivault_16, infiniplex_staircase_x,
          uniq_grunn, uniq_vv, uniq_sojobo
Depths:3: dreamdust_cat_pyramid, layout_cave_shapes, enter_ziggurat_a,
          abyss_entry, nicolae_hell_entry_big_baal_hell, kennysheep_minor_cross,
          zin_academy, uniq_enchantress
Depths:4: grunt_zot_entry_alcove, layout_cave_shapes,
          pdpol_wu_jian_five_deadly_venoms, hell_entry,
          ebering_ghost_rock_garden, serial_bayou_shore_b,
          nicolae_triple_integral, uniq_margery
Zot:1:    layout_gridlike
Zot:2:    kennysheep_oblong_rooms, layout_cellular_growth,
          hangedman_zot_diagonal_lockstep
Zot:3:    layout_cathedral_of_symmetry, grunt_megastairs_2
Zot:4:    layout_misc_corridors, st_stairs_4, nicolae_diode_quadrants
Zot:5:    layout_misc_corridors, door_vault

Skill      XL: |  1  2  3  4  5  6  7  8  9 10 11 12 13 14 15 16 17 18 19 20 21 22 23 24 25 26 |
---------------+-------------------------------------------------------------------------------+-----
Short Blades   | 2 4 5 7 9 10 | 10.0
Maces & Flails | 1 |  1.0
Fighting       | 3 6 9 11 13 14 15 16 17 18 | 18.9
Stealth        | 3 4 9 10 | 10.0
Dodging        | 3 5 7 8 9 10 12 13 14 15 18 | 18.8
Shields        | 7 |  7.9
Evocations     | 5 7 8 9 |  9.0
Armour         | 5 6 8 9 10 12 13 14 | 14.9
Ranged Weapons | 2 10 14 16 17 18 19 20 21 25 26 | 26.0
Earth Magic    | 2 3 4 |  4.0
Spellcasting   | 2 3 |  3.0
Transmutations | 2 3 4 |  4.0
Translocations | 2 4 5 |  5.2

Action                     |  1- 3 |  4- 6 |  7- 9 | 10-12 | 13-15 | 16-18 | 19-21 | 22-24 | 25-27 || total
---------------------------+-------+-------+-------+-------+-------+-------+-------+-------+-------++-------
  Melee: Rapier            |    19 |       |       |       |       |       |       |       |       ||    19
         Bite              |    37 |    19 |    36 |    76 |   239 |   101 |     1 |    32 |     1 ||   542
         Dagger            |    96 |    91 |   150 |   224 |   498 |   168 |     5 |    27 |       ||  1259
         Mace              |    17 |       |       |       |       |       |       |       |       ||    17
         Pseudopods        |       |     1 |    20 |    47 |   140 |    51 |     1 |    17 |       ||   277
         Headbutt          |       |       |    13 |    53 |    31 |       |     1 |    24 |     1 ||   123
         Kick              |       |       |       |     2 |    44 |       |       |     9 |       ||    55
         Punch             |       |       |       |       |     4 |     5 |       |     2 |       ||    11
         Quick blade       |       |       |       |       |       |       |       |     3 |       ||     3
         Demon blade       |       |       |       |       |       |       |       |    22 |     3 ||    25
   Fire: Sling             |       |       |       |       |   107 |       |       |       |       ||   107
         Shortbow          |       |       |       |       |   147 |  1203 |       |       |       ||  1350
         Longbow           |       |       |       |       |       |   139 |  1159 |  1169 |   459 ||  2926
         Triple crossbow   |       |       |       |       |       |       |       |     8 |    56 ||    64
  Throw: Dart              |       |     2 |       |       |       |       |       |       |       ||     2
         Stone             |       |       |     5 |     5 |       |       |       |       |       ||    10
   Cast: Blink             |       |       |       |       |       |       |       |       |     2 ||     2
         Passwall          |       |       |       |       |       |       |       |       |     1 ||     1
 Invoke: Slimify           |       |     1 |       |       |       |       |       |       |       ||     1
         Oozemancy         |       |       |     1 |     1 |     1 |       |     1 |       |       ||     4
  Evoke: Wand              |       |       |       |     1 |       |       |       |     3 |     2 ||     6
         Box of beasts     |       |       |       |       |       |     2 |     1 |       |     2 ||     5
         Phantom mirror    |       |       |       |       |       |     1 |       |     2 |     1 ||     4
         Lightning rod     |       |       |       |       |       |     2 |       |     3 |       ||     5
    Use: Scroll            |       |       |       |     1 |       |    24 |     9 |     5 |     4 ||    43
         Potion            |       |       |       |       |       |     1 |       |       |     1 ||     2
   Stab: Sleeping          |       |     4 |     2 |    18 |    35 |     4 |       |       |       ||    63
         Distracted        |       |     1 |     1 |     2 |       |     2 |       |       |       ||     6
         Petrified         |       |       |       |       |     3 |       |       |       |       ||     3
 Armour: Scale mail        |    37 |       |       |       |       |       |       |       |       ||    37
         Robe              |       |     7 |    26 |    20 |    55 |   167 |    38 |    21 |    25 ||   359
  Dodge: Dodged            |    61 |    44 |    54 |   119 |   325 |   664 |   314 |   307 |   290 ||  2178
  Block: Buckler           |    21 |    21 |    20 |    34 |    82 |       |       |       |       ||   178
